 Dungeon Crawl Stone Soup version 0.31-a0-1447-g87ca8d402b (webtiles) character file.

Game seed: 4984493764834357724

6089 Laraso the Basher (level 10, -1/92 HPs)
             Began as an Oni Cinder Acolyte on Dec 27, 2023.
             Was an Elder of Ignis.
             Slain by an acid dragon (10 damage)
             ... on level 9 of the Dungeon.
             The game lasted 00:14:53 (9199 turns).

Laraso the Basher (Oni Cinder Acolyte)              Turns: 9199, Time: 00:14:53

Health: -1/92      AC: -1    Str: 20    XL:     10   Next: 88%
Magic:  10/19      EV:  9    Int: 19    God:    Ignis [****..]
Gold:   495        SH:  0    Dex:  4    Spells: 12/21 levels left

rFire   + . .        a - +0 flail (drain)
rCold   . . .        (no shield)
rNeg    . . .        y - +0 steam dragon scales
rPois   .            (helmet restricted)
rElec   .            E - +0 cloak
rCorr   .            (gloves unavailable)
SInv    +            (boots unavailable)
Will    +....        (no amulet)
Stlth   +            l - ring of flight
HPRegen 0.35/turn    k - ring of see invisible
MPRegen 0.16/turn

%: no passive effects
@: corroded, flying
A: large, unfitting armour, horns 1, tough skin 1, double potion healing,
drunken brawling
a: Renounce Religion, Fiery Armour, Foxfire Swarm, Rising Flame


You were on level 9 of the Dungeon.
You worshipped Ignis.
Ignis was greatly pleased with you.
You visited 1 branch of the dungeon, and saw 9 of its levels.

You collected 495 gold pieces.

Inventory:

Hand Weapons
 a - a +0 flail of draining (weapon)
 s - a +0 giant club
Armour
 y - +0 steam dragon scales (worn)
 E - a +0 cloak (worn)
Jewellery
 k - a ring of see invisible (right hand)
 l - a ring of flight (left hand)
 H - an amulet of regeneration
Wands
 A - a wand of charming (15)
 C - a wand of mindburst (9)
 D - a wand of quicksilver (6)
 F - a wand of iceblast (10)
Scrolls
 b - a scroll of vulnerability
 c - a scroll of summoning
 e - 3 scrolls of blinking
 g - a scroll of silence
 h - a scroll of noise
 i - a scroll of torment
 j - a scroll of brand weapon {unknown}
 n - 2 scrolls of enchant weapon
 o - 2 scrolls of teleportation {unknown}
 r - a scroll of enchant armour {unknown}
 w - a scroll of fear {unknown}
 x - a scroll of immolation {unknown}
Potions
 d - 2 potions of might
 f - a potion of heal wounds
 m - 5 potions of enlightenment {unknown}
 p - a potion of cancellation {unknown}
 q - 2 potions of degeneration {unknown}
 t - 2 potions of attraction {unknown}
 u - 2 potions of ambrosia {unknown}
 v - 4 potions of curing
 z - a potion of brilliance {unknown}
 B - a potion of lignification {unknown}
 G - a potion of mutation {unknown}


   Skills:
 - Level 4.0 Fighting
 * Level 12.3 Maces & Flails
 - Level 6.0 Spellcasting
 + Level 7.8 Summonings
 - Level 4.0 Fire Magic


You had 12 spell levels left.
You knew the following spells:

 Your Spells              Type           Power      Damage    Failure   Level
a - Scorch                Fire           42%        2d6       3%          2
b - Summon Blazeheart Go  Fire/Summ      28%        N/A       10%         4
c - Call Canine Familiar  Summ           35%        N/A       1%          3

Your spell library contained the following spells:

 Spells                   Type           Power      Damage    Failure   Level
 Summon Small Mammal      Summ           100%       N/A       1%          1
 Apportation              Tloc           10%        N/A       11%         1
 Jinxbite                 Hex            10%        N/A       17%         2
 Lesser Beckoning         Tloc           10%        N/A       17%         2
 Gell's Gravitas          Tloc           5%         N/A       32%         3
 Teleport Other           Tloc           5%         N/A       32%         3
 Alistair's Intoxication  Alch           3%         N/A       97%         5
 Dispersal                Tloc           2%         N/A       100%        6


Dungeon Overview and Level Annotations

Branches:
Dungeon (9/15)             Temple (0/1) D:7
   Lair: D:8-11         Orc: D:9-12

Altars:
Okawaru
Uskayaw
Yredelemnul
The Shining One

Shops:
D:4 :   D:7 (


Innate Abilities, Weirdness & Mutations

You are too large for most types of armour.
You have a pair of small horns on your head.
You have tough skin. (AC +1)
You gain doubled healing and magic from potions.
Whenever you drink a healing potion, you attack all around you.


Message History

The acid dragon bites you! The acid dragon claws you.
Unknown command.
Unknown command.
You barely miss the acid dragon. Your headbutt misses the acid dragon.
The acid dragon spits acid at you. The splash of acid hits you!!
The acid corrodes you!
Your blazeheart golem punches the acid dragon but does no damage.
The acid dragon bites you. The acid dragon claws you.
Unknown command.
You completely miss the acid dragon. Your headbutt misses the acid dragon.
The acid dragon bites you. The acid dragon barely misses you.
Unknown command.
You closely miss the acid dragon.
Your blazeheart golem closely misses the acid dragon.
The acid dragon spits acid at you. The splash of acid hits you!!
* * * LOW HITPOINT WARNING * * *
The acid corrodes you!
Unknown command.
Casting: Summon Blazeheart Golem (dangerous; 10% risk of failure)
Confirm with . or Enter, or press ? or * to list all spells.
Flames lash the acid dragon.
The acid dragon is moderately wounded.
The acid dragon's fire resistance burns away.
The acid dragon completely misses you. The acid dragon closely misses you.
Casting: Scorch (safe; 3% risk of failure)
Confirm with . or Enter, or press ? or * to list all spells.
Flames lash the acid dragon.
The acid dragon is burned terribly!
The acid dragon is severely wounded.
Your blazeheart golem barely misses the acid dragon.
The acid dragon bites you!
* * * LOW HITPOINT WARNING * * *
The acid dragon barely misses you.
Unknown command.
Casting: Scorch (safe; 3% risk of failure)
Confirm with . or Enter, or press ? or * to list all spells.
Flames lash the acid dragon.
The acid dragon is burned terribly!
The acid dragon is almost dead.
The acid dragon bites you!
You die...

#########
#.......#
#.......+
#.......#
#.......#
+..@....#
#.9D....#
#####'###
##.#
####..#
#....##
####.####
#.......#
#.......##


You could see an acid dragon (catching breath, combustible, ally target) and a
friendly blazeheart golem (summoned).

Vanquished Creatures
  A manticore (D:8)
  Maurice (D:7)
  A shadow (D:7)
  6 yaks
  A wyvern (D:7)
  A steam dragon (D:6)
  2 water moccasins
  3 black bears
  An ogre (D:5)
  2 centaurs
  3 phantoms
  A bullfrog (D:8)
  A scorpion (D:6)
  4 killer bees (D:8)
  2 howler monkeys
  3 hounds
  4 orc priests
  A bombardier beetle (D:6)
  2 sleepcaps
  7 orc wizards
  Robin (D:1)
  4 gnolls
  11 adders
  2 white imps
  2 ufetubi (D:7)
  3 worms
  A dart slug (D:2)
  33 orcs
  4 ball pythons
  8 endoplasms
  2 giant cockroaches
  18 goblins
  7 hobgoblins
  2 jackals (D:2)
  A quokka (D:4)
  5 bats
  4 frilled lizards
  5 kobolds
  6 rats
166 creatures vanquished.

Vanquished Creatures (collateral kills)
  A hornet (D:7)
  A wraith (D:7)
  4 yaks
  A steam dragon (D:6)
  2 nameless horrors (D:7)
  An ice beast (D:7)
  A black bear (D:6)
  A centaur (D:7)
  A kobold brigand (D:7)
  A gnoll sergeant (D:7)
  6 killer bees (D:8)
  2 howler monkeys (D:7)
  A hound (D:6)
  An orc priest (D:7)
  A jelly (D:7)
  2 orc wizards
  A gnoll (D:7)
  An adder (D:5)
  A white imp (D:8)
  2 orcs
  A goblin (D:7)
  A kobold (D:7)
34 creatures vanquished.

Vanquished Creatures (others)
  8 blazeheart cores
  11 foxfires (D:7)
19 creatures vanquished.

Grand Total: 219 creatures vanquished

Notes
Turn   | Place    | Note
-------+----------+-------------------------------------------
     0 | D:1      | Laraso the Oni Cinder Acolyte began the quest for the Orb.
     0 | D:1      | Reached XP level 1. HP: 24/24 MP: 2/2
    97 | D:1      | You fall into a shaft and drop 1 floor!
   154 | D:2      | Noticed Robin
   201 | D:2      | Reached XP level 2. HP: 32/32 MP: 4/4
   233 | D:1      | Learned a level 2 spell: Scorch
   795 | D:1      | Killed Robin
   796 | D:1      | Reached XP level 3. HP: 33/39 MP: 0/6
  1250 | D:2      | Reached XP level 4. HP: 41/48 MP: 0/8
  2247 | D:3      | Reached XP level 5. HP: 46/54 MP: 9/11
  2341 | D:3      | Found a basalt altar of Yredelemnul.
  2342 | D:3      | Found a glowing golden altar of the Shining One.
  2343 | D:3      | Found an iron altar of Okawaru.
  2650 | D:3      | Learned a level 4 spell: Summon Blazeheart Golem
  2738 | D:3      | Reached skill level 5 in Spellcasting
  2947 | D:4      | Reached XP level 6. HP: 41/62 MP: 13/13
  3164 | D:4      | Found Kouth's Self-Improvement Boutique.
  3771 | D:4      | Identified the +5 hand axe of Immorality {flame, rCorr}
  3971 | D:5      | Entered Level 5 of the Dungeon
  4089 | D:5      | Reached skill level 4 in Maces & Flails
  4089 | D:5      | Reached skill level 1 in Summonings
  4089 | D:5      | Reached XP level 7. HP: 70/70 MP: 6/16
  4480 | D:5      | Reached skill level 5 in Maces & Flails
  4801 | D:5      | Reached XP level 8. HP: 49/78 MP: 6/17
  4990 | D:5      | Reached skill level 6 in Maces & Flails
  5559 | D:6      | Reached skill level 7 in Maces & Flails
  5926 | D:6      | Reached skill level 8 in Maces & Flails
  5926 | D:6      | Reached XP level 9. HP: 82/84 MP: 4/18
  6507 | D:7      | Found a hide-covered altar of Uskayaw.
  6522 | D:7      | Noticed a hornet
  6537 | D:7      | Killed a hornet
  6538 | D:7      | Reached skill level 5 in Summonings
  6563 | D:7      | Reached skill level 9 in Maces & Flails
  6760 | D:7      | Noticed a nameless horror
  6762 | D:7      | Killed a nameless horror
  7052 | D:7      | Learned a level 3 spell: Call Canine Familiar
  7155 | D:7      | Noticed Maurice
  7161 | D:7      | Maurice stole 233 gold
  7163 | D:7      | Maurice stole a +0 giant club
  7166 | D:7      | Maurice stole 126 gold
  7167 | D:7      | Killed Maurice
  7168 | D:7      | Reached skill level 10 in Maces & Flails
  7389 | D:7      | Reached XP level 10. HP: 88/92 MP: 8/19
  7460 | D:7      | Found a staircase to the Ecumenical Temple.
  7493 | D:7      | Found Diczeczi's Weapon Shop.
  8223 | D:8      | Noticed a manticore
  8235 | D:8      | Killed a manticore
  8236 | D:8      | Reached skill level 11 in Maces & Flails
  9100 | D:9      | Reached skill level 12 in Maces & Flails
  9199 | D:9      | Slain by an acid dragon

Illustrated notes

Levels and vault maps discovered:
D:1:      tarquinn_simple_flora_water_a, layout_basic
D:2:      layout_rooms, uniq_robin
D:3:      layout_basic, chequers_temple_overflow_statue_of_worship
D:4:      layout_gridville, nicolae_shop_self_help
D:5:      layout_loops_cross, minmay_puff
D:6:      layout_basic
D:7:      layout_rooms, eat_drink_and_be_merry_uskayaw, temple_pool_b,
          enter_bailey_5, serial_shops, shop, minmay_door_square, uniq_maurice
D:8:      layout_loops_cross
D:9:      layout_roguey, old_standard_altar, special_room [special_room_bee],
          minmay_misc_feat_cross, nicolae_the_louvre

Skill      XL: |  1  2  3  4  5  6  7  8  9 10 |
---------------+-------------------------------+-----
Fire Magic     | 3 4 |  4.0
Spellcasting   | 2 3 4 5 6 |  6.0
Maces & Flails | 4 5 8 10 12 | 12.3
Summonings     | 1 3 4 6 7 |  7.8
Fighting       | |  4.0

Action                     |  1- 3 |  4- 6 |  7- 9 | 10-12 || total
---------------------------+-------+-------+-------+-------++-------
  Melee: Mace              |    39 |    27 |       |       ||    66
         Headbutt          |     2 |     7 |    21 |    13 ||    43
         Flail             |       |    51 |   154 |    76 ||   281
   Cast: Scorch            |    25 |    53 |    45 |    13 ||   136
         Summon Blazeheart |       |       |    19 |    14 ||    33
         Call Canine Famil |       |       |     2 |     5 ||     7
 Invoke: Fiery Armour      |       |       |     1 |     1 ||     2
         Foxfire Swarm     |       |       |     1 |       ||     1
    Use: Scroll            |     3 |     5 |     1 |     1 ||    10
         Potion            |       |       |     2 |     1 ||     3
 Armour: Robe              |    54 |    94 |    77 |       ||   225
         Steam dragon scal |       |       |   127 |    87 ||   214
  Dodge: Dodged            |    40 |    56 |   115 |    32 ||   243

Table legend: (Time is in decaauts)
 A = Elapsed time spent in this place.
 B = Non-inter-level travel time spent in this place.
 C = Inter-level travel time spent in this place.
 D = Time resting spent in this place.
 E = Time spent auto-exploring this place.
 F = Levels seen in this place.
 G = Mean time per level.
                   A        B        C        D        E       F      G
               +--------+--------+--------+--------+--------+-----+--------+
         Total |   9245 |   9112 |    133 |   1629 |   5870 |   9 | 1027.2 |
       Dungeon |   9245 |   9112 |    133 |   1629 |   5870 |   9 | 1027.2 |
               +--------+--------+--------+--------+--------+-----+--------+

Top non-repeatable levels by time:
     D:5: 1369 daAuts
     D:6: 1312 daAuts
     D:3: 1311 daAuts
     D:4: 1181 daAuts
     D:8: 1179 daAuts
     D:7: 1179 daAuts
     D:1: 843 daAuts
     D:2: 748 daAuts
     D:9: 121 daAuts
